 Dungeon Crawl Stone Soup version 0.30.1-11-g7821555f0a (webtiles) character file.

Game seed: 7590899986932484545

586 lonewolfV2 the Trooper (level 7, 0/59 HPs)
             Began as a Formicid Fighter on Dec 14, 2023.
             Killed by divine providence
             ... invoked by an orc priest
              (12 damage)
             ... on level 5 of the Dungeon.
             The game lasted 00:11:17 (3880 turns).

lonewolfV2 the Trooper (Formicid Fighter)           Turns: 3880, Time: 00:11:19

Health: 0/59       AC:  9    Str: 20    XL:     7   Next: 65%
Magic:  7/7        EV:  7    Int:  8    God:
Gold:   1291       SH:  5    Dex: 15    Spells: 6/6 levels left

rFire   . . .        a - +1 war axe
rCold   . . .        c - +0 buckler
rNeg    . . .        u - +0 chain mail
rPois   .            (helmet unavailable)
rElec   .            (no cloak)
rCorr   .            (no gloves)
SInv    +            (no boots)
Will    .....        h - amulet of the acrobat Stlth
                     l - ring of flight
HPRegen 0.29/turn    (no ring)
MPRegen 0.10/turn

%: acrobat
@: mighty, flying
A: permanent stasis, dig shafts and tunnels, antennae 3, four strong arms
a: Dig, Shaft Self


You were on level 5 of the Dungeon.
You visited 2 branches of the dungeon, and saw 6 of its levels.
You also visited: Sewer.

You collected 1291 gold pieces.

Inventory:

Hand Weapons
 a - a +1 war axe (weapon)
Armour
 c - a +0 buckler (worn)
 u - a +0 chain mail (worn)
Jewellery
 h - an amulet of the acrobat (around neck)
 j - an amulet of faith
 l - a ring of flight (left hand)
Wands
 d - a wand of charming (8)
 n - a wand of digging (2)
Scrolls
 f - 2 scrolls of teleportation
 g - 2 scrolls of amnesia
 r - a scroll of fear
Potions
 i - 3 potions of curing
 k - a potion of berserk rage
 m - 2 potions of haste {unknown}
 o - a potion of lignification
 p - a potion of invisibility
 s - 2 potions of cancellation
 t - a potion of ambrosia {unknown}


   Skills:
 + Level 6.5 Fighting
 + Level 5.4 Axes
 - Level 3.8 Armour
 - Level 4.6 Shields


You had 6 spell levels left.
You didn't know any spells.
Your spell library contained the following spells:

 Spells                   Type           Power      Damage    Failure   Level
 Scorch                   Fire           0%         2d5       99%         2
 Flame Wave               Conj/Fire      0%         2d4       100%        4
 Summon Cactus Giant      Summ           0%         N/A       100%        6
 Malign Gateway           Summ/Tloc      0%         N/A       100%        7
 Summon Horrible Things   Summ           0%         N/A       100%        8


Dungeon Overview and Level Annotations

Branches:
Dungeon (5/15)             Temple (1/1) D:4           Sewer (visited)

Altars:
Ashenzari
Cheibriados
Elyvilon
Hepliaklqana
Kikubaaqudgha
Makhleb
Nemelex Xobeh
Okawaru
Ru
Sif Muna
Trog
Uskayaw
Vehumet
Wu Jian
Xom
Zin
The Shining One


Innate Abilities, Weirdness & Mutations

You cannot be hasted, slowed, berserked, paralysed or teleported.
You can dig through walls and to a lower floor.
You have a pair of large antennae on your head. (SInv)
Your four strong arms can wield two-handed weapons with a shield.


Message History

The orc priest misses you. The black bear misses you. x2
The black bear barely misses you.
The orc wizard attacks as you move away!
The orc wizard misses you. The orc priest closely misses you.
You barely miss the orc priest. You slash the orc wizard!
You slash the black bear!
The orc priest hits you with a +0 hand axe.
The orc wizard barely misses you.
The black bear bites you but does no damage.
The black bear claws you.
The black bear claws you but does no damage.
Unknown command.
You're too confused to move!
The orc priest barely misses you.
The orc wizard hits you but does no damage.
The black bear bites you but does no damage.
The black bear claws you but does no damage. x2
The orc priest completely misses you. The orc wizard completely misses you.
Unknown command.
You miss the orc wizard.
The orc wizard is severely wounded.
You closely miss the orc priest. You slash the black bear!
You feel less confused.
The orc priest hits you with a +0 hand axe.
* * * LOW HITPOINT WARNING * * *
The orc wizard gestures at you while chanting.
The puff of flame hits you.
* * * LOW HITPOINT WARNING * * *
The black bear goes berserk!
You slash the black bear!
You kill the black bear!
You slash the orc wizard!
You kill the orc wizard!
You slash the orc priest! You block the orc priest's attack.
You closely miss the orc priest.
The orc priest is severely wounded.
The orc priest invokes the aid of Beogh against you.
You struggle to resist.
The orc priest calls down the wrath of Beogh upon you.
Beogh smites you!
You die...

... #.....# ...##.....## #
...........# ## #
.......... #.##### .
........# #.....# ..
#.....# { .#......
<..##$.)..# ........
......†.)@#{ {{ ........
........o†# ........
..........###########.....
..........##.......##.....
...##............)........
.. #.......[.............
. +......................
#...................)..
#.................>....


You could see an orc priest.

Vanquished Creatures
  A water moccasin (Sewer)
  A black bear (D:5)
  2 scorpions
  A hound (D:4)
  A sleepcap (D:5)
  An iguana (D:5)
  An orc wizard (D:5)
  7 adders
  A worm (D:4)
  3 dart slugs
  10 orcs
  6 endoplasms
  4 giant cockroaches
  7 goblins
  3 hobgoblins
  14 jackals
  3 quokkas
  7 ball pythons
  2 bats
  2 frilled lizards (D:1)
  7 kobolds
  8 rats
92 creatures vanquished.

Notes
Turn   | Place    | Note
-------+----------+-------------------------------------------
     0 | D:1      | lonewolfV2 the Formicid Fighter began the quest for the
                  | Orb.
     0 | D:1      | Reached XP level 1. HP: 18/18 MP: 1/1
   140 | D:1      | Reached XP level 2. HP: 24/24 MP: 2/2
   472 | D:1      | Reached XP level 3. HP: 29/29 MP: 3/3
   961 | D:2      | Found a faded altar of an unknown god.
  1085 | D:2      | Reached XP level 4. HP: 37/37 MP: 4/4
  1331 | D:2      | Reached skill level 4 in Fighting
  2199 | D:3      | Reached XP level 5. HP: 42/42 MP: 5/5
  2251 | D:3      | Identified the +0 robe "Koloeny" {rCorr Dex+5}
  3033 | D:4      | Found a staircase to the Ecumenical Temple.
  3047 | D:4      | Found a glowing drain.
  3055 | Temple   | Entered the Ecumenical Temple
  3219 | Sewer    | Entered a sewer
  3280 | Sewer    | Noticed a water moccasin
  3285 | Sewer    | Killed a water moccasin
  3286 | Sewer    | Reached skill level 5 in Fighting
  3286 | Sewer    | Reached XP level 6. HP: 51/51 MP: 6/6
  3426 | D:4      | Found an ancient bone altar of Kikubaaqudgha.
  3498 | D:4      | Found a shimmering altar of Xom.
  3499 | D:4      | Found a hazy altar of Hepliaklqana.
  3499 | D:4      | Noticed a spectral ugly thing
  3603 | D:4      | Found a radiant altar of Vehumet.
  3630 | D:4      | Identified a scroll of acquirement
  3630 | D:4      | Acquired 1148 gold pieces
  3633 | D:5      | Entered Level 5 of the Dungeon
  3675 | D:5      | Reached XP level 7. HP: 39/57 MP: 7/7
  3872 | D:5      | Reached skill level 6 in Fighting
  3872 | D:5      | Reached skill level 5 in Axes
  3880 | D:5      | Killed from afar by an orc priest

Illustrated notes

Levels and vault maps discovered:
D:1:      dpeg_arrival_rooms_c, layout_basic
D:2:      layout_basic, ebering_ecumenical_altar_ruins,
          ebering_dispersal_statue_hall
D:3:      minmay_angry_zag, layout_loops_corners, roderic_lattice_a
D:4:      layout_rooms, kiku_gazebo_garden_becter,
          regret_index_temple_of_mockery, lemuel_doored_altar,
          minmay_temple_entry_crystal_x, portal_sewer_entry_b
D:5:      layout_gridville, chequers_jeans
Temple:   nicolae_temple_bog_church

Skill      XL: |  1  2  3  4  5  6  7 |
---------------+----------------------+-----
Fighting       | 4 5 6 |  6.5
Axes           | 3 4 5 |  5.4
Armour         | |  3.8
Shields        | |  4.6

Action                     |  1- 3 |  4- 6 |  7- 9 || total
---------------------------+-------+-------+-------++-------
  Melee: War axe           |    72 |   118 |    17 ||   207
Ability: Dig               |     3 |     3 |       ||     6
    Use: Scroll            |     6 |     9 |       ||    15
         Potion            |       |     1 |     3 ||     4
 Armour: Scale mail        |    39 |    24 |       ||    63
         Chain mail        |       |    42 |    38 ||    80
  Dodge: Dodged            |    59 |    74 |    28 ||   161
  Block: Buckler           |    20 |    44 |    13 ||    77
